 Dungeon Crawl Stone Soup version 0.22-a0-425-g89d60a1 (webtiles) character file.

56175 Amnesiac the Fetichist (level 14, -2/74 HPs)
             Began as a Spriggan Artificer on May 24, 2018.
             Was an Initiate of Gozag.
             Slain by an ice devil (16 damage)
             ... in an ice cave.
             The game lasted 00:52:27 (29221 turns).

Amnesiac the Fetichist (Spriggan Artificer)        Turns: 29221, Time: 00:52:28

Health: -2/74      AC:  9    Str: 12    XL:     14   Next: 41%
Magic:  28/28      EV: 37    Int: 14    God:    Gozag
Gold:   5289       SH: 12    Dex: 21    Spells: 10/13 levels left

rFire    + . .     SeeInvis +   b - +1 scimitar (holy)
rCold    . . .     Gourm    .   F - +3 buckler
rNeg     . . .     Faith    .   s - +2 robe {MR+}
rPois    .         Spirit   .   O - +2 hat {MR+}
rElec    .         Reflect  .   x - +2 cloak
rCorr    .         Harm     .   (gloves unavailable)
MR       ++++.                  (boots unavailable)
Stlth    ++++++....             (no amulet)
HPRegen  0.22/turn              i - ring of protection from fire
MPRegen  0.21/turn              K - ring of wizardry

@: agile, very quick
A: very small, unfitting armour, see invisible, herbivore, speed 3, slow
metabolism 2
a: Potion Petition, Call Merchant, Bribe Branch, Renounce Religion


You were in an ice cave.
You worshipped Gozag.
Gozag was greatly pleased with you.
You were not hungry.

You visited 3 branches of the dungeon, and saw 20 of its levels.
You also visited: Ice Cave.

You collected 5353 gold pieces.
You paid 64 gold pieces to Gozag.

Inventory:

Hand Weapons
 a - a +2 dagger of draining
 b - a +1 scimitar of holy wrath (weapon)
 u - a +0 quick blade of freezing
 U - a +4 quick blade of freezing
 V - a +2 quick blade of freezing
Missiles
 z - 2 throwing nets (quivered)
Armour
 o - a scarf of repulsion
 s - a +2 robe of magic resistance (worn)
 x - a +2 cloak (worn)
 F - a +3 buckler (worn)
 O - a +2 hat of magic resistance (worn)
Jewellery
 i - a ring of protection from fire (left hand)
 G - a +3 ring of intelligence
 K - a ring of wizardry (right hand)
 L - an uncursed ring of resist corrosion
 T - an uncursed ring of poison resistance {unknown}
Wands
 d - a wand of enslavement (9)
 n - a wand of iceblast (10)
 t - a wand of scattershot (3)
 v - a wand of polymorph (13)
 B - a wand of digging (12)
 E - a wand of random effects (28)
Scrolls
 c - a scroll of holy word {!r}
 e - 13 scrolls of remove curse {!r}
 g - a scroll of magic mapping {!r}
 j - a scroll of torment {!r}
 m - 5 scrolls of blinking {!r}
 q - 15 scrolls of teleportation {!r}
 r - 7 scrolls of enchant armour {!r}
 y - 5 scrolls of amnesia {!r}
 H - 4 scrolls of enchant weapon {!r}
 J - 4 scrolls of identify {!r}
 R - a scroll of silence {!r}
 S - 2 scrolls of fear {!r}
Potions
 h - 4 potions of brilliance {!q}
 k - 3 potions of haste {!q}
 p - 4 potions of curing {!q}
 w - 3 potions of mutation {!q}
 A - 3 potions of might {!q}
 C - a potion of lignification {!q}
 I - a potion of invisibility {!q}
 M - a potion of flight {!q}
 Q - 2 potions of agility {!q}
Miscellaneous
 l - a box of beasts
 N - a lamp of fire (inert)
 P - a phial of floods (inert)
Comestibles
 f - 17 rations


   Skills:
 + Level 8.4 Fighting
 - Level 10.0 Short Blades
 + Level 13.8 Dodging
 - Level 10.0 Stealth
 - Level 7.2 Shields
 * Level 19.5 Evocations


You had 10 spell levels left.
You knew the following spells:

 Your Spells              Type           Power        Failure   Level  Hunger
r - Regeneration          Chrm/Necr      #.........   32%         3    ####...

Your spell library contained the following spells:

 Spells                   Type           Power        Failure   Level  Hunger
 Lightning Bolt           Conj/Air       #.........   95%         5    ######.
 Animate Dead             Necr           N/A          71%         4    #####..
 Pain                     Necr           #...         12%         1    ##.....
 Animate Skeleton         Necr           N/A          12%         1    ##.....
 Vampiric Draining        Necr           #.........   32%         3    ####...
 Shock                    Conj/Air       #...         12%         1    ##.....
 Swiftness                Chrm/Air       #.......     17%         2    ###....
 Airstrike                Air            #.........   71%         4    #####..
 Static Discharge         Conj/Air       #.......     32%         3    ####...


Dungeon Overview and Level Annotations

Branches:
Dungeon (13/15)            Temple (1/1) D:6            Lair (6/6) D:9
  Swamp (0/4) Lair:2       Spider (0/4) Lair:2        Slime (0/5) Lair:5
    Orc (0/2) D:12
 Vaults: D:13-14

Altars:
Ashenzari
Cheibriados
Dithmenos
Gozag
Hepliaklqana
Makhleb
Nemelex Xobeh
Ru
Sif Muna
Trog
Uskayaw
Xom
The Shining One

Shops:
D:4 :   D:7 *

Annotations:
D:4 Edmund IceCv exclusion: 2 ice statues


Innate Abilities, Weirdness & Mutations

You are very small and have problems with some larger weapons.
You are too small for most types of armour.
You have supernaturally acute eyesight. (SInv)
You are a herbivore.
You cover ground extremely quickly.
You need to consume almost no food.


Message History

The ice devil freezes your water elemental!!
Your water elemental is destroyed!
The ice devil hits your water elemental!
The ice devil freezes your water elemental!
You see here a naga barding of cold resistance.
The ice devil dies!
You now have 5281 gold pieces (gained 4).
An ice devil comes into view.
Press: ? - help, v - describe, . - travel
Here: a water elemental (moderately damaged, friendly, summoned)
The floor.
You hit the ice devil but do no damage. You closely miss the ice devil.
You barely miss the ice devil.
The ice devil is moderately wounded.
You completely miss the ice devil.
The ice devil is moderately wounded.
You block the ice devil's attack.
You hit the ice devil but do no damage.
The ice devil is moderately wounded.
You barely miss the ice devil.
The ice devil is severely wounded.
You hit the ice devil.
The ice devil is severely wounded.
The ice devil completely misses you.
You hit the ice devil.
The ice devil is severely wounded.
You barely miss the ice devil.
The ice devil is severely wounded.
Your water elemental engulfs the ice devil in water!
You hit the ice devil but do no damage.
The ice devil is almost dead.
The ice devil dies!
You are engulfed in freezing vapours.
Your water elemental is engulfed in freezing vapours.
You see here 8 gold pieces.
Your water elemental is engulfed in freezing vapours.
Your water elemental is engulfed in freezing vapours.
Your water elemental is engulfed in freezing vapours. x2
Your water elemental is destroyed!
Really walk into that cloud of freezing vapour?
Okay, then.
You now have 5289 gold pieces (gained 8).
An ice devil comes into view.
Wield which item (- for none, * to show all)? (? for menu, Esc to quit)
Your +4 quick blade of freezing stops glowing.
Your +1 scimitar of holy wrath softly glows with a divine radiance!
b - a +1 scimitar of holy wrath (weapon)
Really quaff
Q - 3 potions of agility {!q}?
You feel agile all of a sudden.
You hit the ice devil but do no damage. The ice devil hits you.
The ice devil freezes you!
You barely miss the ice devil. The ice devil closely misses you.
You riposte.
You hit the ice devil.
The ice devil convulses.
The ice devil is lightly wounded.
You closely miss the ice devil.
The ice devil is lightly wounded.
The ice devil hits you! The ice devil freezes you!!
* * * LOW HITPOINT WARNING * * *
The ice devil hits you!
* * * LOW HITPOINT WARNING * * *
The ice devil freezes you!
You die...
Your body crumbles into a pile of gold.

..$§§§##....§§##....
##...##
.5.§§§§§.≈§#§.§......
#...##
.§§§.###.4#§§###...#
#...##
#.§§§§#§§§§#####
##...# #.§§..#.§§§§§#
##...## ##§.§.§§##§##
##.....#
#####).§§.#####
#...∩...
#...###§###...#
#.......
#.[....§.4@...#
##..∩..#
#...##...##...#
##...##
############### #####


You could see an ice devil.

Vanquished Creatures
  Gastronok (Lair:3)
  An emperor scorpion (Lair:4)
  8 hydras
  A centaur warrior (D:13)
  An ice dragon (Lair:6)
  A two-headed ogre (D:13)
  An unseen horror (D:9)
  Pikel (D:4)
  A lindwurm (Lair:6)
  An orb spider (Lair:2)
  A cyclops (D:10)
  Joseph (D:7)
  6 black mambas
  5 elephants (Lair:6)
  14 spiny frogs
  5 torpor snails
  A rime drake (Lair:4)
  8 komodo dragons
  6 ice devils (IceCv)
  A troll (D:11)
  4 tyrant leeches
  13 polar bears
  5 hornets (Lair:6)
  2 dream sheep (D:10)
  2 raiju (Lair:6)
  18 blink frogs
  7 hippogriffs
  Sigmund (D:4)
  A vampire (D:10)
  40 yaks
  A fire elemental (Lair:4)
  2 wyverns (D:10)
  A hog (shapeshifter) (D:13)
  2 hungry ghosts
  6 wargs (Lair:6)
  13 hell hounds (Lair:6)
  9 water moccasins
  9 porcupines
  A floating eye (D:9)
  3 orc warriors
  12 black bears
  5 sky beasts
  A phantom (D:11)
  25 wolves
  An ice beast (D:10)
  A necrophage (D:10)
  2 ogres (D:7)
  6 centaurs
  8 crocodiles
  4 big kobolds
  7 bullfrogs
  Blork the orc (D:6)
  4 scorpions
  10 killer bees (D:7)
  5 wights (D:11)
  2 electric eels
  A howler monkey (D:8)
  3 crimson imps
  2 centaur zombies
  2 quasits
  4 orc priests
  A bullfrog zombie (D:10)
  6 hounds
  7 orc wizards
  Crazy Yiuf (D:6)
  3 centaur skeletons
  11 jellies (Lair:5)
  2 bullfrog skeletons
  Natasha (thrice) (D:3)
  Terence (D:2)
  5 iguanas
  3 worker ants
  A killer bee zombie (D:7)
  A hound zombie (D:5)
  2 worker ant zombies
  A howler monkey skeleton (D:8)
  13 adders
  A shadow imp (D:7)
  5 white imps (IceCv)
  5 ufetubi (IceCv)
  An ooze (Lair:5)
  An adder zombie (D:8)
  3 adder skeletons
  3 worms
  4 dart slugs
  4 leopard geckos
  35 orcs
  8 bats
  5 giant cockroaches
  4 goblins
  5 hobgoblins
  A quokka (D:5)
  A ball python (D:1)
  A frilled lizard (D:3)
  14 kobolds
  A leopard gecko skeleton (D:5)
  3 rats
  A plant (Lair:3)
478 creatures vanquished.

Vanquished Creatures (collateral kills)
  A hydra (Lair:2)
  2 ice devils (IceCv)
  A tyrant leech (Lair:6)
  A hornet (Lair:6)
  A hungry ghost (D:9)
  A water moccasin (Lair:2)
  7 killer bees (D:7)
  2 adders (D:9)
16 creatures vanquished.

Vanquished Creatures (others)
  A reaper (IceCv)
  3 slaves (D:5)
  3 white imps (IceCv)
  5 ufetubi (IceCv)
  An orc (D:5)
  24 fungi
  37 plants
  A withered plant (D:5)
75 creatures vanquished.

Grand Total: 569 creatures vanquished

Notes
Turn   | Place    | Note
-------+----------+-------------------------------------------
     0 | D:1      | Amnesiac the Spriggan Artificer began the quest for the Orb.
     0 | D:1      | Reached XP level 1. HP: 9/9 MP: 4/4
   111 | D:2      | Reached XP level 2. HP: 14/14 MP: 6/6
   254 | D:3      | Reached skill level 5 in Evocations
   254 | D:3      | Reached XP level 3. HP: 17/17 MP: 8/8
   391 | D:3      | Found a deep blue altar of Sif Muna.
   504 | D:3      | Found a hide-covered altar of Uskayaw.
   505 | D:3      | Noticed a dagger
   505 | D:3      | Noticed a dagger
   539 | D:3      | Reached skill level 6 in Evocations
   606 | D:3      | Found a snail-covered altar of Cheibriados.
   730 | D:3      | Reached XP level 4. HP: 21/21 MP: 9/9
   817 | D:4      | Noticed Sigmund
   834 | D:4      | Killed Sigmund
   834 | D:4      | Reached skill level 8 in Evocations
   834 | D:4      | Reached XP level 5. HP: 20/25 MP: 9/12
   945 | D:4      | Reached XP level 6. HP: 12/29 MP: 13/13
  1292 | D:4      | Found a burning altar of Makhleb.
  1753 | D:4      | Reached skill level 9 in Evocations
  1824 | D:4      | Found Wydaj's Book Shop.
  2311 | D:4      | Noticed Edmund
  2712 | D:5      | Entered Level 5 of the Dungeon
  2753 | D:5      | Noticed a sky beast
  2763 | D:5      | Noticed a slave
  2865 | D:5      | Found a sparkling altar of Nemelex Xobeh.
  3269 | D:5      | Reached skill level 10 in Evocations
  3278 | D:5      | Reached XP level 7. HP: 32/32 MP: 15/15
  3395 | D:5      | Noticed Pikel
  3580 | D:4      | Killed Pikel
  3580 | D:4      | Reached skill level 11 in Evocations
  4295 | D:5      | Reached XP level 8. HP: 17/37 MP: 17/17
  4584 | D:5      | Found a bloodstained altar of Trog.
  4638 | D:5      | Found a glowing golden altar of the Shining One.
  4778 | D:6      | Found a runed door.
  4820 | D:6      | Noticed Blork the orc
  4832 | D:6      | Killed Blork the orc
  4832 | D:6      | Reached skill level 5 in Short Blades
  4973 | D:6      | Noticed Crazy Yiuf
  4977 | D:6      | Killed Crazy Yiuf
  5029 | D:6      | Found a staircase to the Ecumenical Temple.
  5050 | Temple   | Entered the Ecumenical Temple
  5101 | Temple   | Became a worshipper of Gozag Ym Sagoz the Greedy
  5690 | D:2      | Found a shattered altar of Ashenzari.
  5845 | D:2      | Noticed Terence
  5854 | D:2      | Killed Terence
  6408 | D:3      | Noticed Natasha
  6417 | D:3      | Killed Natasha
  6681 | D:3      | Found a hide-covered altar of Uskayaw.
  6788 | D:3      | Noticed Natasha
  6802 | D:3      | Killed Natasha
  7023 | D:3      | Found a deep blue altar of Sif Muna.
  7050 | D:3      | Noticed Natasha
  7054 | D:3      | Killed Natasha
  7248 | D:3      | Found a snail-covered altar of Cheibriados.
  7729 | D:7      | Found a shadowy altar of Dithmenos.
  8254 | D:7      | Reached skill level 1 in Shields
  8290 | D:7      | Reached XP level 9. HP: 40/40 MP: 18/18
  8585 | D:7      | Noticed Joseph
  8623 | D:7      | Killed Joseph
  8623 | D:7      | Reached skill level 5 in Stealth
  8863 | D:7      | Found Aquwahuv's General Store.
  9493 | D:8      | Reached skill level 5 in Shields
  9545 | D:8      | Noticed a troll
  9905 | D:8      | Reached XP level 10. HP: 44/44 MP: 19/19
 10936 | D:9      | Noticed an unseen horror
 11210 | D:9      | Killed an unseen horror
 11290 | D:9      | Found a shimmering altar of Xom.
 11300 | D:9      | Found a sacrificial altar of Ru.
 11330 | D:9      | Found a staircase to the Lair.
 11402 | D:9      | Noticed a two-headed ogre
 11514 | D:9      | a two-headed ogre changed into a floating eye
 11714 | Lair:1   | Entered Level 1 of the Lair of Beasts
 11719 | Lair:1   | Reached skill level 1 in Fighting
 12162 | Lair:1   | Noticed a six-headed hydra
 12182 | Lair:1   | Killed a six-headed hydra
 12182 | Lair:1   | Reached skill level 12 in Evocations
 12383 | Lair:1   | Noticed a spiny frog
 12390 | Lair:1   | Killed a spiny frog
 12390 | Lair:1   | Reached skill level 5 in Dodging
 12484 | Lair:1   | Noticed a spiny frog
 12776 | Lair:1   | Reached XP level 11. HP: 25/51 MP: 21/21
 12827 | D:9      | Reached skill level 13 in Evocations
 14179 | Lair:2   | Found a staircase to the Swamp.
 14227 | Lair:2   | Noticed an eight-headed hydra
 14234 | Lair:2   | Killed an eight-headed hydra
 14473 | Lair:2   | Found a hole to the Spider Nest.
 14473 | Lair:2   | Noticed an orb spider
 14490 | Lair:2   | Killed an orb spider
 14773 | Lair:2   | Reached skill level 14 in Evocations
 14905 | Lair:2   | Noticed a four-headed hydra
 14917 | Lair:2   | Killed a four-headed hydra
 16530 | Lair:3   | Reached skill level 15 in Evocations
 16623 | Lair:3   | Reached XP level 12. HP: 59/59 MP: 24/24
 16749 | Lair:3   | Noticed Gastronok
 16815 | Lair:3   | Killed Gastronok
 16815 | Lair:3   | Reached skill level 5 in Fighting
 18015 | Lair:4   | Noticed a six-headed hydra
 18017 | Lair:4   | Noticed an emperor scorpion
 18017 | Lair:4   | a six-headed hydra changed into an emperor scorpion
 18183 | Lair:4   | Killed an emperor scorpion
 18633 | Lair:4   | Reached skill level 10 in Stealth
 18979 | Lair:4   | Reached skill level 10 in Dodging
 19298 | Lair:5   | Reached skill level 16 in Evocations
 19900 | Lair:5   | Found a staircase to the Slime Pits.
 19931 | Lair:5   | Noticed a four-headed hydra
 19960 | Lair:5   | Killed a four-headed hydra
 20314 | Lair:6   | Entered Level 6 of the Lair of Beasts
 20359 | Lair:6   | Noticed an eight-headed hydra
 20369 | Lair:6   | Killed an eight-headed hydra
 20577 | Lair:6   | Reached XP level 13. HP: 65/65 MP: 26/26
 20816 | Lair:6   | Reached skill level 10 in Short Blades
 21312 | Lair:5   | Reached skill level 17 in Evocations
 22810 | Lair:6   | Paralysed by a hornet for 3 turns
 23070 | Lair:6   | Found a runed door.
 23420 | Lair:6   | Reached skill level 18 in Evocations
 25539 | D:10     | Entered Level 10 of the Dungeon
 25718 | D:10     | Reached XP level 14. HP: 70/72 MP: 28/28
 25828 | D:10     | Learned a level 3 spell: Regeneration
 26749 | D:10     | Reached skill level 19 in Evocations
 27703 | D:11     | You fall through a shaft for 2 floors!
 27810 | D:12     | Got a brightly glowing hand axe
 27881 | D:12     | Found a staircase to the Orcish Mines.
 28181 | D:12     | Found a frozen archway.
 28375 | IceCv    | Entered an ice cave
 28519 | IceCv    | Killed a reaper
 29221 | IceCv    | Slain by an ice devil

Vault maps used:
D:1:      dpeg_arrival_shrine, moated_statue
D:2:      evilmike_ruin_ashenzari, uniq_terence
D:3:      nicolae_overflow_crystal_walls, nicolae_overflow_hidden_temple,
          dancing_weapons_uskayaw, uniq_natasha
D:4:      makhleb_heckhound_becter, serial_shops, shop_fountains, first_ration,
          uniq_sigmund, uniq_edmund
D:5:      bloody_trog, lemuel_crystal_altar, serial_undead, serial_undead_c,
          serial_undead_c, serial_undead_c, serial_undead_c, serial_undead_f,
          hex_medium, tso_altar, uniq_pikel
D:6:      temple_fountains, hex_intersection, uniq_blork_the_orc,
          uniq_crazy_yiuf_cottage
D:7:      grunt_dithmenos_smoke_and_mirrors, serial_shops,
          nicolae_shop_waterfront, uniq_joseph
D:9:      chequers_temple_overflow_statue_of_worship,
          grunt_lair_entry_orc_guard_hut
D:10:     hangedman_ranch
D:11:     minmay_crystal_water, nicolae_alphabet_shops
D:12:     david_orc_2, portal_ice_cave_entry_animals_and_master,
          minmay_misc_feat_diagonals
D:13:     david_vaults_5, enter_bailey_2
Temple:   nicolae_temple_figure_eight
Lair:1:   serial_bayou_shore_b
Lair:2:   minmay_swamp_entry_reptiles, nicolae_spider_entry_orb_guardian,
          serial_bayou_pond_e, beast_lair_carwin_3, infiniplex_staircase_pool,
          serial_bayou_shore_b, lemuel_fruit_fields
Lair:3:   hibernation_bobbens, uniq_gastronok
Lair:4:   grunt_megastairs_2
Lair:5:   minmay_slime_entry_jelly_boxes
Lair:6:   wormcave, hangedman_lair_caniforms_friends, lemuel_fruit_fields
IceCv:    ice_cave_small_demon

Skill      XL: |  1  2  3  4  5  6  7  8  9 10 11 12 13 14 |
---------------+-------------------------------------------+-----
Short Blades   | 2 4 8 9 10 | 10.0
Evocations     | 5 6 8 10 11 12 15 16 18 19 | 19.5
Stealth        | 3 8 9 10 | 10.0
Shields        | 1 5 7 |  7.2
Fighting       | 2 4 6 7 8 |  8.4
Dodging        | 5 8 10 13 | 13.8

Action                   |  1- 3 |  4- 6 |  7- 9 | 10-12 | 13-15 || total
-------------------------+-------+-------+-------+-------+-------++-------
Melee: Short sword       |    47 |       |       |       |       ||    47
       Dagger            |       |       |   530 |  1570 |  2092 ||  4192
       Scimitar          |       |       |       |    10 |   214 ||   224
       Quick blade       |       |       |       |       |    24 ||    24
 Fire: Hunting sling     |    23 |   202 |    38 |       |       ||   263
 Cast: Regeneration      |       |       |       |       |     1 ||     1
Evoke: Wand              |     7 |    18 |    15 |    43 |    27 ||   110
       Lamp of fire      |       |       |       |     1 |     2 ||     3
       Sack of spiders   |       |       |       |     1 |       ||     1
       Phial of floods   |       |       |       |     1 |     2 ||     3
  Use: Scroll            |       |     4 |    13 |    10 |     2 ||    29
       Potion            |       |     4 |       |     5 |     7 ||    16
 Stab: Sleeping          |     1 |       |    11 |    31 |    15 ||    58
       Distracted        |       |       |     3 |     8 |    15 ||    26
       Paralysed         |       |       |       |     5 |       ||     5
       Confused          |       |       |       |     1 |     4 ||     5
       Invisible         |       |       |       |       |     3 ||     3
  Eat: Ration            |       |       |     5 |     7 |     7 ||    19
Armor: Robe              |     5 |    11 |    87 |    85 |   122 ||   310
Dodge: Dodged            |    46 |    88 |   313 |   607 |  1230 ||  2284
       Deflected         |     1 |     1 |       |       |       ||     2
Block: Buckler           |       |       |    64 |   433 |   777 ||  1274
       Rpst.: Scimitar   |       |       |       |     5 |    52 ||    57

Table legend:
 A = Spawn XP
 B = Non-spawn XP
 C = Spawn XP percentage of total XP
 D = Spawn monster count
 E = Non-spawn monster count
 F = Spawn count percentage of total count
 G = Total turns spent on level
                    A         B        C        D         E        F      G
               +---------+---------+-------+---------+---------+-------+---------
         Total |       0 |   80250 |   0.0 |       0 |     493 |   0.0 | 29221
               +---------+---------+-------+---------+---------+-------+---------
           D:1 |       0 |      22 |   0.0 |       0 |      14 |   0.0 |   523
           D:2 |       0 |     108 |   0.0 |       0 |      14 |   0.0 |   709
           D:3 |       0 |     190 |   0.0 |       0 |      21 |   0.0 |  1704
           D:4 |       0 |     932 |   0.0 |       0 |      19 |   0.0 |  2571
           D:5 |       0 |     522 |   0.0 |       0 |      19 |   0.0 |  1337
           D:6 |       0 |     216 |   0.0 |       0 |       7 |   0.0 |   976
           D:7 |       0 |    3084 |   0.0 |       0 |      36 |   0.0 |  1656
           D:8 |       0 |     807 |   0.0 |       0 |      14 |   0.0 |  1171
           D:9 |       0 |    2234 |   0.0 |       0 |      20 |   0.0 |  1217
          D:10 |       0 |    5329 |   0.0 |       0 |      37 |   0.0 |  1470
          D:11 |       0 |    2532 |   0.0 |       0 |      32 |   0.0 |   694
          D:12 |       0 |    4053 |   0.0 |       0 |      22 |   0.0 |   592
          D:13 |       0 |    2019 |   0.0 |       0 |       3 |   0.0 |    80
        Lair:1 |       0 |    5268 |   0.0 |       0 |      22 |   0.0 |  2152
        Lair:2 |       0 |    6268 |   0.0 |       0 |      22 |   0.0 |  1795
        Lair:3 |       0 |    5651 |   0.0 |       0 |      17 |   0.0 |  1906
        Lair:4 |       0 |    5334 |   0.0 |       0 |      22 |   0.0 |  1576
        Lair:5 |       0 |    5195 |   0.0 |       0 |      27 |   0.0 |  1121
        Lair:6 |       0 |   27941 |   0.0 |       0 |     107 |   0.0 |  5063
         IceCv |       0 |    2545 |   0.0 |       0 |      18 |   0.0 |   846
               +---------+---------+-------+---------+---------+-------+---------
